← All builds
Suicide front / Cortex / Economy first / OBSERVED BUILD

Standard suicide front

The role's baseline bot lab opening: secure mexes, push out Thugs, Aggravators and Grunts to contest the middle and hold until T2 arrives.

#rush · 353 distinct matches · 76 players · 67% of Cortex Suicide front games · team won 51% of 366 · Recently observed

HOW TO PLAY IT

Key timing: Bot Lab by 0:34

  1. Take 3 mex, then rush a Bot Lab immediately for early army.
  2. Finish Bot Lab, start pumping Thug, Grunt and Aggravator.
  3. Push units to middle to contest and secure reclaim early.
  4. Add Advanced Metal Extractor to keep economy scaling with the fight.
  5. Hold middle with bots until T2 reinforcements arrive from Geo.

Phase by phase

TYPICAL OF ITS 353 GAMES
  1. 1
  2. 2
  3. 3
PLAY THE OPENING

Follow the example game's first 6:00 step by step: what to build now, what comes next, and where it goes. At 1× it keeps pace with your own game.

  1. 1

    Up to the Bot Lab

    Economy
    • Metal Extractor1Mex
    Order
    1. Bot LabBot Lab after 1 mexdone ~0:34, middle half 0:26–0:44

    By 0:17 in all: 1 mex

    The example game in this phase · 2 steps
    1. Mex ×2
    2. Bot LabBot Labdone 0:34 · typical 0:34
  2. 2

    Bot Lab to 5:00

    Economy
    • Metal Extractor4Mex
    • Wind Turbine3Wind
    Builders
    • Graverobber4 Graverobber
    • Construction Bot3 Con bot
    Army
    • Guard3 Guard
    • Thug14 Thug
    • Grunt3 Grunt
    • Aggravator2 Aggravator
    Other
    • Radar Tower1 Radar Tower

    By 5:00 in all: 5 mex · 3 wind

    The example game in this phase · 20 steps
    1. Wind
    2. GruntGrunt
    3. Wind
    4. GruntGrunt ×3
    5. GuardGuard
    6. GruntGrunt
    7. GraverobberGraverobber ×2
    8. GruntGrunt ×5
    9. Construction BotCon bot ×2
    10. ThugThug ×2
    11. Mex
    12. ThugThug ×4
    13. Mex ×2
    14. ThugThug
    15. GuardGuard
    16. ThugThug ×2
    17. GuardGuard
    18. ThugThug
    19. Radar TowerRadar Tower
    20. ThugThug ×8
  3. 3

    5:00 to 10:00

    Economy
    • Metal Extractor1Mex
    • Wind Turbine14Wind
    Builders
    • Construction Turret2 Con turret
    • Graverobber2 Graverobber
    • Construction Bot1 Con bot
    Army
    • Guard1 Guard
    • Thug6 Thug
    • Grunt3 Grunt

    Some games also: aggravator (50%) · energy storage (47%) · Radar Tower (44%) · Twin Guard (31%) · converter (30%)

    By 10:00 in all: 6 mex · 18 wind · 1 energy storage · 2 con turret

    The example game in this phase · 143 steps
    1. Construction BotCon bot ×2
    2. ThugThug ×2
    3. GuardGuard
    4. ThugThug ×4
    5. Con turret
    6. ThugThug
    7. Con turret
    8. ThugThug ×12
    9. Advanced Metal ExtractorT2 mexdone 7:48 · typical 9:42
    10. GuardGuard
    11. Wind ×2
    12. GuardGuard
    13. Wind ×2
    14. Advanced Metal ExtractorT2 mex
    15. Energy storage
    16. Wind ×3
    17. GraverobberGraverobber
    18. Wind
    19. Advanced Metal ExtractorT2 mex
    20. GraverobberGraverobber
    21. Metal storage
    22. Mex
    23. Wind
    24. GraverobberGraverobber
    25. Wind
    26. GraverobberGraverobber
    27. Wind
    28. GraverobberGraverobber
    29. Wind
    30. GraverobberGraverobber
    31. Wind
    32. GraverobberGraverobber
    33. Wind
    34. GraverobberGraverobber
    35. Wind
    36. GraverobberGraverobber
    37. Wind
    38. GraverobberGraverobber
    39. Mex
    40. ThugThug
    41. Wind
    42. ThugThug ×2
    43. Wind
    44. ThugThug
    45. Mex
    46. ThugThug
    47. Wind
    48. ThugThug
    49. Wind
    50. ThugThug ×2
    51. Wind
    52. ThugThug
    53. Wind
    54. ThugThug ×2
    55. GruntGrunt
    56. Wind
    57. GruntGrunt ×3
    58. Wind
    59. GruntGrunt ×3
    60. Wind
    61. GruntGrunt
    62. Con turret
    63. Advanced Metal ExtractorT2 mex
    64. GruntGrunt
    65. Wind
    66. Con turret
    67. GruntGrunt
    68. Con turret
    69. GruntGrunt
    70. Wind
    71. ThistleThistle
    72. Wind
    73. GruntGrunt
    74. Wind
    75. GruntGrunt
    76. Wind
    77. GruntGrunt
    78. Radar TowerRadar Tower
    79. GruntGrunt
    80. Wind
    81. Bot LabBot Labdone 11:50
    82. GruntGrunt
    83. ThistleThistle
    84. Wind
    85. GruntGrunt
    86. ThistleThistle
    87. Wind
    88. GruntGrunt ×2
    89. Bot LabBot Labdone 12:18
    90. GruntGrunt
    91. Wind
    92. GruntGrunt ×4
    93. Wind
    94. GruntGrunt ×3
    95. ThistleThistle
    96. GruntGrunt ×2
    97. Wind
    98. Con turret
    99. GruntGrunt
    100. Fusion ReactorFusiondone 13:09
    101. GruntGrunt
    102. Wind
    103. Con turret
    104. GruntGrunt ×2
    105. Wind
    106. GruntGrunt ×3
    107. Con turret
    108. Wind
    109. GruntGrunt
    110. Bot LabBot Labdone 13:02
    111. GruntGrunt
    112. Wind
    113. GruntGrunt ×2
    114. Advanced Metal ExtractorT2 mex
    115. Con turret
    116. Wind
    117. GruntGrunt ×3
    118. Wind
    119. GruntGrunt ×10
    120. Wind
    121. GruntGrunt ×11
    122. Wind
    123. GruntGrunt ×10
    124. Wind
    125. GruntGrunt ×13
    126. Wind
    127. GruntGrunt ×5
    128. Advanced Metal ExtractorT2 mex
    129. GruntGrunt ×5
    130. Wind
    131. GruntGrunt ×12
    132. Wind
    133. GruntGrunt ×15
    134. Wind
    135. GruntGrunt ×14
    136. Wind
    137. GruntGrunt ×6
    138. Advanced Metal ExtractorT2 mex
    139. GruntGrunt ×5
    140. Wind
    141. GruntGrunt ×10
    142. Wind
    143. GruntGrunt ×15

Counts are medians over the build's games: half of them build more, half fewer. The example game is The_Dwarf's (39 OS, 26/08/2026); pick another.

Team trades

IN AT LEAST 30% OF ITS GAMES

You hand over

Nothing regular.

You get

  • Tidal Generator4 Tidal from Pondfirst at 0:10 · in 69% of games
  • Advanced Construction Bot1 T2 con bot from Geo or Techfirst at 7:32 · in 57% of games

How it plays out

Typical game of this build, running totals by minute

Metal produced

010k20k
0:005:0010:0015:00

metal

Enemy metal destroyed

05k10k
0:005:0010:0015:00

metal

Own metal lost

05k10k15k
0:005:0010:0015:00

metal

366 games.

Show as table
ByMetal produced: This buildEnemy metal destroyed: This buildOwn metal lost: This build
1:0027300
2:0095600
3:002058191130
4:003151663628
5:00432816971420
6:00553425652380
7:00676835643465
8:00797145054456
9:00923451865453
10:001045058116293
11:001194662887124
12:001361268158150
13:001530674618924
14:001705482219879
15:0018776887210532
WHAT THE NUMBERS SAY

This is the role's baseline aggressive job, winning half its games while both dealing and taking heavy metal losses fighting at middle.

  • + Fastest Bot Lab of any role (0:34), gets units fighting almost immediately.
  • + Destroys 8805 enemy metal by 15:00 through constant middle pressure.
  • − Loses 10461 own metal by 15:00, more than it destroys.
  • − Metal production lags behind other front role at 18297 by 15:00.
THE EXAMPLE YOU ARE READING

The_Dwarf

39.3 OS · 26/08/2026

Open source match ↗

9 received units · includes a constructor
81 metal received · 69829 energy received

Allied construction assistance is unknown. Timings are observations, not a promise of solo reproducibility.

Typical milestones

Bot Lab0:34Middle 50%: 0:26–0:44 · n=362
Advanced Metal Extractor9:42Middle 50%: 8:46–10:57 · n=238

Played most by

_X_59games of this build_Hawkey_34games of this buildGuiTou23games of this buildImmort23games of this buildViltrum22games of this build

Supporting games

Pick a game to read and play it above.

_Hawkey_25/09/2026 · 60 OS↗_Hawkey_25/09/2026 · 60 OS↗Erilium25/09/2026 · 46 OS↗Erilium25/09/2026 · 46 OS↗Kcorp25/09/2026 · 50 OS↗_Hawkey_25/09/2026 · 61 OS↗[Crd]Acquati24/09/2026 · 36 OS↗Gieds24/09/2026 · 47 OS↗The_Dwarf26/08/2026 · 39 OS↗
32 more of 358, the most recentMischievousDragonGF24/09/2026 · 43 OS↗xabre24/09/2026 · 48 OS↗SkyFireEX23/09/2026 · 37 OS↗[Grump]Atlasfailed23/09/2026 · 36 OS↗UsurpeR23/09/2026 · 43 OS↗_X_23/09/2026 · 44 OS↗Rosie23/09/2026 · 35 OS↗I_pawngame_u23/09/2026 · 37 OS↗SauceDispenser23/09/2026 · 35 OS↗[GerBoyz]Stinkfisch23/09/2026 · 39 OS↗[Grump]Atlasfailed23/09/2026 · 36 OS↗Ariah23/09/2026 · 43 OS↗[GerBoyz]Stinkfisch22/09/2026 · 39 OS↗[GerBoyz]Stinkfisch22/09/2026 · 38 OS↗[GerBoyz]Stinkfisch22/09/2026 · 38 OS↗[GerBoyz]Stinkfisch22/09/2026 · 38 OS↗SauceDispenser22/09/2026 · 36 OS↗theBeauty21/09/2026 · 38 OS↗PlatinumBlonde21/09/2026 · 58 OS↗theBeauty21/09/2026 · 38 OS↗[Grump]Atlasfailed20/09/2026 · 36 OS↗GuiTou20/09/2026 · 36 OS↗Kcorp20/09/2026 · 51 OS↗I_pawngame_u20/09/2026 · 37 OS↗I_pawngame_u20/09/2026 · 37 OS↗Rexalidus20/09/2026 · 37 OS↗GuiTou19/09/2026 · 36 OS↗[Grump]Atlasfailed19/09/2026 · 36 OS↗derkarl19/09/2026 · 36 OS↗derkarl19/09/2026 · 36 OS↗_Hawkey_19/09/2026 · 58 OS↗[Grump]Atlasfailed18/09/2026 · 36 OS↗
Supreme Isthmus v2.1
Beyond All Reason test-31077-b9f6a0a
Naval balance tweaks off